 Dungeon Crawl Stone Soup version 0.24-a0-415-g6d73c25c48 (webtiles) character file.

Game seed: 11059810732758584733

160 Azzok the Shield-Bearer (level 5, -1/41 HPs)
             Began as a Formicid Fighter on June 7, 2019.
             Slain by an orc wizard
             ... wielding a cursed -1 dagger
              (2 damage)
             ... on level 3 of the Dungeon.
             The game lasted 00:02:23 (1346 turns).

Azzok the Shield-Bearer (Formicid Fighter)          Turns: 1346, Time: 00:02:23

Health: -1/41      AC:  6    Str: 26    XL:     5   Next: 69%
Magic:  5/5        EV:  8    Int:  8    God:
Gold:   97         SH: 10    Dex: 10    Spells: 4/4 levels left

rFire    . . .     SeeInvis +   a - +0 war axe
rCold    . . .     Gourm    .   c - +0 shield
rNeg     . . .     Faith    .   b - +0 scale mail
rPois    .         Spirit   .   (helmet unavailable)
rElec    .         Reflect  .   (no cloak)
rCorr    +         Harm     .   (no gloves)
MR       .....                  (no boots)
Stlth    ..........             (no amulet)
HPRegen  0.13/turn              o - ring of resist corrosion
MPRegen  0.09/turn              (no ring)

@: mighty
A: permanent stasis, dig shafts and tunnels, four strong arms, antennae 3
a: Dig, Shaft Self


You were on level 3 of the Dungeon.
You were not hungry.

You visited 1 branch of the dungeon, and saw 3 of its levels.

You collected 97 gold pieces.

Inventory:

Hand Weapons
 a - a +0 war axe (weapon)
Armour
 b - a +0 scale mail (worn)
 c - a +0 shield (worn)
Jewellery
 o - a ring of resist corrosion (left hand)
Scrolls
 h - a scroll of amnesia {unknown}
 i - a scroll of fog {unknown}
 k - a scroll of identify
 m - a scroll of blinking {unknown}
 p - a scroll of remove curse {unknown}
Potions
 e - 3 potions of heal wounds {unknown}
 j - a potion of lignification {unknown}
 l - a potion of agility {unknown}
 n - a potion of resistance {unknown}
Comestibles
 f - 5 rations
 g - 10 chunks of flesh


   Skills:
 - Level 3.2 Fighting
 + Level 4.2 Axes
 - Level 3.2 Armour
 + Level 5.5 Shields


You had 4 spell levels left.
You didn't know any spells.
Your spell library was empty.

Dungeon Overview and Level Annotations

Branches:
Dungeon (3/15)

Altars:


Innate Abilities, Weirdness & Mutations

You cannot be hasted, slowed, berserked, paralysed or teleported.
You can dig through walls and to a lower floor.
Your four strong arms can wield two-handed weapons with a shield.
You have a pair of large antennae on your head. (SInv)


Message History

You hit the orc. The orc wizard barely misses you. You block the orc's attack.
You block the orc wizard's attack.
The orc wizard mumbles some strange words.
The orc wizard blinks!
The orc wizard gestures wildly while chanting.
The orc wizard seems to speed up.
You block the orc's attack.
The orc wizard hits you but does no damage.
You hit the orc priest but do no damage.
The orc priest is heavily wounded.
You slice the orc!!
You kill the orc!
You closely miss the orc. You slash the orc wizard!
You kill the orc wizard!
You hit the orc wizard. You block the orc wizard's attack.
The orc priest hits you with a +0 war axe.
* * * LOW HITPOINT WARNING * * *
The orc wizard barely misses you. The orc hits you but does no damage.
A rat comes into view.
The orc wizard hits you with a cursed -1 dagger.
You die...

▒· ···
▒·▒▒ ··▒▒
···· ····
▒··▒ ··▒ ▒
▒··▒···▒··
▒··▒··(··▒
▒·o)···▒
▒·@o§··▒
▒▒oo·····▒
?g····▒▒▒
▒▒·····▒
▒·····▒
▒o··▒▒▒
▒···▒
··r·▒


You could see an orc priest, 2 orc wizards, 2 orcs, a goblin and a rat
(wandering).

Vanquished Creatures
  An orc wizard (D:3)
  Jessica (D:2)
  3 adders (D:2)
  2 oozes
  A dart slug (D:1)
  3 leopard geckos
  5 orcs
  5 giant cockroaches
  6 goblins
  9 hobgoblins
  2 jackals (D:2)
  3 kobolds (D:2)
  A quokka (D:2)
  2 ball pythons
  6 bats
  5 frilled lizards
  7 rats
62 creatures vanquished.

Notes
Turn   | Place    | Note
-------+----------+-------------------------------------------
     0 | D:1      | Azzok the Formicid Fighter began the quest for the Orb.
     0 | D:1      | Reached XP level 1. HP: 18/18 MP: 1/1
    97 | D:1      | Reached XP level 2. HP: 20/24 MP: 2/2
   124 | D:1      | Reached skill level 4 in Shields
   260 | D:1      | Reached XP level 3. HP: 22/29 MP: 3/3
   789 | D:2      | Reached XP level 4. HP: 35/35 MP: 4/4
   962 | D:2      | Noticed Jessica
   968 | D:2      | Killed Jessica
   968 | D:2      | Reached skill level 5 in Shields
   968 | D:2      | Reached XP level 5. HP: 36/41 MP: 5/5
  1346 | D:3      | HP: 1/41 [orc priest/+0 war axe (5)]
  1346 | D:3      | Slain by an orc wizard

Levels and vault maps discovered:
D:1:      onia_arrival_mini_spirals, layout_rooms
D:2:      layout_basic, minmay_misc_feat_chi, uniq_jessica
D:3:      layout_basic, uniq_terence

Skill      XL: |  1  2  3  4  5 |
---------------+----------------+-----
Shields        | 4 5 |  5.5
Axes           | 3 4 |  4.2
Fighting       | |  3.2
Armour         | |  3.2

Action                   |  1- 3 |  4- 6 || total
-------------------------+-------+-------++-------
Melee: War axe           |    68 |    58 ||   126
  Use: Scroll            |     1 |       ||     1
       Potion            |       |     1 ||     1
  Eat: Chunk             |       |     2 ||     2
Armor: Scale mail        |    39 |    42 ||    81
Dodge: Dodged            |    27 |    34 ||    61
Block: Shield            |    36 |    56 ||    92

Table legend:
 A = Non-vault XP
 B = Vault XP
 C = Vault XP percentage of total XP
 D = Non-vault monster count
 E = Vault monster count
 F = Vault count percentage of total count
                 A         B        C        D         E       F
            +---------+---------+-------+---------+---------+-------
      Total |     192 |      37 |  16.2 |      61 |       1 |   1.6
            +---------+---------+-------+---------+---------+-------
        D:1 |      51 |       0 |   0.0 |      27 |       0 |   0.0
        D:2 |      93 |      37 |  28.5 |      29 |       1 |   3.3
        D:3 |      48 |       0 |   0.0 |       5 |       0 |   0.0
            +---------+---------+-------+---------+---------+-------
